 Dungeon Crawl Stone Soup version 0.17-a0-1996-gd2c0ec8 (webtiles) character file.

156 glosham the Chopper (level 5, 0/41 HPs)
             Began as a Human Fighter on Oct 7, 2015.
             Killed by divine providence
             ... invoked by an orc priest
              (11 damage)
             ... on level 3 of the Dungeon.
             The game lasted 00:25:06 (2042 turns).

glosham the Chopper (Human Fighter)                 Turns: 2042, Time: 00:25:06

Health: 0/41       AC:  3    Str: 17    XL:     5   Next: 65%
Magic:  5/5        EV: 11    Int:  8    God:
Gold:   105        SH:  0    Dex: 13    Spells: 0 memorised, 4 levels left

rFire  . . .     SeeInvis .     a - +0 war axe
rCold  . . .     Clarity  .     X - +0 leather armour
rNeg   . . .     SustAt   .     (no shield)
rPois  .         Gourm    .     (no helmet)
rElec  .         Spirit   .     (no cloak)
rCorr  .         Warding  .     (no gloves)
rMut   .         Stasis   .     (no boots)
MR     .....                    (no amulet)
Stlth  +.........               (no ring)
                                (no ring)

@: not resistant to hostile enchantments, very unstealthy
A: no striking features
a: no special abilities


You were on level 3 of the Dungeon.
You were not hungry.

You visited 1 branch of the dungeon, and saw 3 of its levels.

You collected 105 gold pieces.

Inventory:

Hand Weapons
 a - a +0 war axe (weapon)
Missiles
 h - 19 arrows
 j - 24 stones (quivered)
 k - 29 sling bullets
 m - 80 bolts
Armour
 b - a +0 scale mail
 c - a +0 shield
 X - a +0 leather armour (worn)
Jewellery
 Q - an uncursed ring of teleportation
Scrolls
 p - a scroll of recharging {unknown}
 q - a scroll of identify {unknown}
 r - a scroll of teleportation {unknown}
Potions
 d - a potion of lignification {unknown}
 g - a potion of haste
 i - a potion of curing {unknown}
 n - a potion of ambrosia {unknown}
 o - a potion of agility {unknown}
Comestibles
 e - 4 bread rations
 f - 2 chunks of flesh
 l - 2 fruits


   Skills:
 - Level 3.0 Fighting
 * Level 5.4 Axes
 - Level 3.0 Armour
 - Level 3.0 Shields


You had 4 spell levels left.
You didn't know any spells.

Dungeon Overview and Level Annotations

Branches:
Dungeon (3/15)

Altars:
Beogh


Message History

You slash the orc wizard!
You kill the orc wizard!
You closely miss the goblin. The goblin hits you but does no damage.
You barely miss the goblin. The goblin closely misses you. The goblin hits you.
You closely miss the goblin. The goblin hits you.
You slash the goblin!
You kill the goblin!
You start resting.
Some of the chunks of flesh in your inventory have rotted away.
You start resting.
The goblin shouts!
You slash the goblin!
You kill the goblin!
You hear a shout!
You now have 105 gold pieces (gained 13).
There is an open door, spattered with blood here.
Items here: ))))) [[
Okay, then.
The orc shouts!
The orc hits you with a flail.
There is an open door, spattered with blood here.
Items here: ))))) [[ You barely miss the orc.
The orc hits you with a flail.
You closely miss the orc. The orc hits you with a flail!
You closely miss the orc. The orc hits you with a flail.
You completely miss the orc. The orc barely misses you.
You slash the orc!
You kill the orc!
You hit the orc priest.
The orc priest is moderately wounded.
The orc priest completely misses you. The orc priest barely misses you.
You hit the orc priest but do no damage.
The orc priest is moderately wounded.
The orc priest mumbles some strange prayers to Beogh against you.
Something smites you!
You barely miss the orc priest.
The orc priest is moderately wounded.
The orc priest invokes the aid of Beogh against you.
Something smites you!
You die...

. ...................# .
.................... #.
##################.#
#.####### oog##########.#
#.......#.8.8$#..........
##...o#.'.oo._#########.#
#....###.8.8$#########.#
.#.#.#.#o##$$.##'....[....
.........#@#####.########.#
#.#.#.#.##.....).# #.#
........#.......# #..
#.#.#.#.##.......# ###
>.........#########
.#.#.#.#.# .... ... .# #.


You could see an orc priest.

Vanquished Creatures
  An orc wizard (D:3)
  2 adders (D:2)
  3 gnolls (D:3)
  An ooze (D:2)
  2 giant geckos
  4 orcs (D:3)
  7 bats
  A giant cockroach (D:1)
  10 hobgoblins
  15 jackals
  5 kobolds
  3 giant newts
  7 goblins
  3 quokkas
  5 rats
69 creatures vanquished.

Notes
Turn   | Place    | Note
--------------------------------------------------------------
     0 | D:1      | glosham the Human Fighter began the quest for the Orb.
     0 | D:1      | Reached XP level 1. HP: 18/18 MP: 1/1
   151 | D:1      | Reached XP level 2. HP: 13/24 MP: 2/2
   349 | D:1      | Reached skill level 3 in Axes
   498 | D:1      | Reached XP level 3. HP: 20/29 MP: 3/3
  1281 | D:2      | Reached XP level 4. HP: 30/35 MP: 4/4
  1283 | D:2      | Reached skill level 4 in Axes
  1631 | D:3      | Reached XP level 5. HP: 24/41 MP: 5/5
  1678 | D:3      | Reached skill level 5 in Axes
  1949 | D:3      | Found a roughly hewn altar of Beogh.
  2042 | D:3      | Killed from afar by an orc priest

Vault maps used:
D:1:      eino_arrival_cavern_a, minmay_misc_feat_rugged
D:3:      st_stairs_10, kennysheep_orc_chapel

Action                   |  1- 3 |  4- 6 || total
-------------------------+-------+-------++-------
Melee: War axe           |   124 |    93 ||   217
  Use: Scroll            |     4 |     1 ||     5
       Potion            |       |     3 ||     3
  Eat: Chunk             |     1 |     3 ||     4

Table legend:
 A = Turns spent in this place as a percentage of turns spent in the entire game.
 B = Non-inter-level travel turns spent in this place as a percentage of non-inter-level travel turns spent in the entire game.
 C = Inter-level travel turns spent in this place as a percentage of turns spent in this place.
 D = Turns resting spent in this place as a percentage of non-inter-level travel turns spent in this place.
 E = Turns spent auto-exploring this place as a percentage of non-inter-level travel turns spent in this place.
 F = Non-inter-level travel turns spent in this place divided by the number of levels of this place that you've seen.
                   A       B       C       D       E      F
               +-------+-------+-------+-------+-------+----------------------
         Total | 100.0 | 100.0 |   0.1 |   0.7 |   0.2 | 493.3
       Dungeon | 100.0 | 100.0 |   0.1 |   0.7 |   0.2 | 493.3
               +-------+-------+-------+-------+-------+----------------------

Table legend:
 A = Kills in this place as a percentage of kills in entire the game.
 B = Kills by you in this place as a percentage of kills by you in the entire game.
 C = Kills by friends in this place as a percentage of kills by friends in the entire game.
 D = Other kills in this place as a percentage of other kills in the entire game.
 E = Experience gained in this place as a percentage of experience gained in the entire game.
 F = Experience gained in this place divided by the number of levels of this place that you have seen.
                   A       B       C       D       E      F
               +-------+-------+-------+-------+-------+----------------------
         Total | 100.0 | 100.0 |  -nan |  -nan | 100.0 |  74.7
       Dungeon | 100.0 | 100.0 |  -nan |  -nan | 100.0 |  74.7
               +-------+-------+-------+-------+-------+----------------------

Vault maps used:
D:1:      eino_arrival_cavern_a, minmay_misc_feat_rugged
D:3:      st_stairs_10, kennysheep_orc_chapel
